 Dungeon Crawl Stone Soup version 0.20.1-1-g8b1a95d (webtiles) character file.

529 Internecine the Slasher (level 7, -2/61 HPs)
             Began as a Minotaur Fighter on Sept 28, 2017.
             Shot with a sling bullet by Joseph (15 damage)
             ... on level 9 of the Dungeon.
             The game lasted 00:19:21 (2733 turns).

Internecine the Slasher (Minotaur Fighter)          Turns: 2733, Time: 00:19:22

Health: -2/61      AC:  7    Str: 22    XL:     7   Next: 3%
Magic:  6/6        EV: 10    Int:  5    God:
Gold:   111        SH: 10    Dex: 10    Spells: 6/6 levels left

rFire    . . .     SeeInvis .   a - +0 long sword
rCold    . . .     Gourm    .   c - +0 shield
rNeg     . . .     Faith    .   C - +0 troll leather armour {Purgy}
rPois    .         Spirit   .   e - +1 hat
rElec    .         Reflect  .   (no cloak)
rCorr    .         Harm     .   (no gloves)
MR       .....                  u - +0 pair of boots
Stlth    +.........             (no amulet)
Regen    0.6/turn               (no ring)
MPRegen  0.1/turn               (no ring)

@: very slightly contaminated, invisible
A: retaliatory headbutt, horns 2
a: no special abilities


You were on level 9 of the Dungeon.
You were not hungry.

You visited 1 branch of the dungeon, and saw 7 of its levels.
You also visited: Sewer.

You collected 111 gold pieces.

Inventory:

Hand Weapons
 a - a +0 long sword (weapon)
 g - a +0 hunting sling
 j - a +0 spear
 B - a +0 mace
 H - a +0 scimitar
Missiles
 h - 21 poisoned needles
 q - 8 needles of paralysis
 t - 29 bolts
 z - 37 stones (quivered)
Armour
 b - a +0 scale mail
 c - a +0 shield (worn)
 e - a +1 hat (worn)
 l - a +0 chain mail
 s - a +0 chain mail
 u - a +0 pair of boots (worn)
 v - a +0 scale mail
 y - a +0 ring mail
 C - a +0 troll leather armour (worn) {Purgy}
Scrolls
 i - 2 scrolls of immolation {unknown}
 k - 3 scrolls of remove curse {unknown}
 m - a scroll of recharging {unknown}
 D - a scroll of random uselessness {unknown}
 G - a scroll of fear {unknown}
 I - a scroll of enchant weapon {unknown}
Potions
 d - a potion of might
 o - 2 potions of flight {unknown}
 p - 2 potions of invisibility
 x - a potion of agility {unknown}
 E - a potion of heal wounds {unknown}
 F - a potion of degeneration {unknown}
Comestibles
 f - 6 bread rations
 n - 5 fruits
 r - 2 royal jellies
 w - a meat ration
 A - 5 chunks of flesh


   Skills:
 + Level 5.0 Fighting
 + Level 5.7 Long Blades
 + Level 0.4 Throwing
 + Level 5.2 Armour
 + Level 1.9 Dodging
 + Level 0.5 Stealth
 + Level 5.3 Shields


You had 6 spell levels left.
You didn't know any spells.

Dungeon Overview and Level Annotations

Branches:
Dungeon (5/15)
 Temple: D:4-7

Altars:
Ashenzari

Annotations:
D:9 Joseph


Innate Abilities, Weirdness & Mutations

You reflexively headbutt those who attack you in melee.
You have a pair of horns on your head.


Message History

Joseph hits you with an uncursed quarterstaff of speed.
Joseph unwields an uncursed quarterstaff of speed.
Joseph wields an uncursed hunting sling.
Joseph shoots a sling bullet.
The sling bullet closely misses you.
You see here a sling bullet.
Joseph shoots a sling bullet.
The sling bullet hits you!!
* * * LOW HITPOINT WARNING * * *
You see here a sling bullet.
Okay, then.
It was a potion of invisibility.
You fade into invisibility!
Joseph shoots a sling bullet.
The sling bullet completely misses you.
You are very lightly contaminated with residual magic.
Joseph shoots a sling bullet.
Joseph shoots a sling bullet.
Joseph shoots a sling bullet.
The sling bullet hits you.
* * * LOW HITPOINT WARNING * * *
You see here a sling bullet.
Joseph shoots a sling bullet.
The sling bullet hits you!
You die...

#. #.######
#....... #......
####.....#
.........#
.........# #@.#
#(.# #..# #..#
#..###### #.
#........ #..
#.....###
#.#####
#..#######@....#
#......
#..............#
#....#


You could see Joseph.

Vanquished Creatures
  A spriggan (D:7)
  Purgy (Sewer)
  A bullfrog (D:9)
  A hound (D:5)
  An orc wizard (D:5)
  An iguana (D:4)
  A hound zombie (D:9)
  2 adders (D:2)
  2 river rats (D:5)
  2 worms
  3 dart slugs
  2 leopard geckos
  6 orcs
  10 bats
  5 giant cockroaches
  7 goblins
  2 hobgoblins
  5 jackals
  A quokka (D:4)
  2 ball pythons
  3 frilled lizards
  3 kobolds
  9 rats
71 creatures vanquished.

Notes
Turn   | Place    | Note
-------+----------+-------------------------------------------
     0 | D:1      | Internecine the Minotaur Fighter began the quest for the Orb.
     0 | D:1      | Reached XP level 1. HP: 19/19 MP: 0/0
    76 | D:1      | Reached XP level 2. HP: 21/27 MP: 1/1
   998 | D:2      | Reached XP level 3. HP: 33/33 MP: 2/2
  1512 | D:2      | Reached skill level 1 in Dodging
  1692 | D:3      | Reached XP level 4. HP: 40/40 MP: 3/3
  1708 | D:4      | Found a shattered altar of Ashenzari.
  1972 | D:4      | Noticed an orc warrior
  1990 | D:5      | Entered Level 5 of the Dungeon
  2023 | D:5      | Reached XP level 5. HP: 47/47 MP: 4/4
  2067 | D:5      | Found a glowing drain.
  2088 | Sewer    | Entered a sewer
  2180 | Sewer    | Noticed Purgy
  2189 | Sewer    | Killed Purgy
  2435 | D:5      | Reached XP level 6. HP: 50/53 MP: 5/5
  2441 | D:5      | Reached skill level 5 in Shields
  2596 | D:4      | You fall through a shaft for 3 floors!
  2596 | D:7      | Noticed a spriggan baker
  2606 | D:7      | Killed a spriggan baker
  2606 | D:7      | Reached skill level 5 in Fighting
  2606 | D:7      | Reached skill level 5 in Long Blades
  2606 | D:7      | Reached skill level 5 in Armour
  2647 | D:7      | You fall through a shaft for 2 floors!
  2687 | D:9      | Noticed Joseph
  2704 | D:9      | Reached XP level 7. HP: 61/61 MP: 6/6
  2733 | D:9      | Shot with a sling bullet by Joseph

Skill      XL: |  1  2  3  4  5  6 |
---------------+-------------------+-----
Shields        | 4 5 |  5.3
Fighting       | 4 5 |  5.0
Armour         | 4 5 |  5.2
Dodging        | 1 |  1.9
Long Blades    | 3 4 5 |  5.7
Throwing       | |  0.4
Stealth        | |  0.5

Action                   |  1- 3 |  4- 6 |  7- 9 || total
-------------------------+-------+-------+-------++-------
Melee: Long sword        |    90 |    92 |     6 ||   188
       Headbutt          |    11 |    19 |     1 ||    31
Throw: Stone             |       |    15 |     2 ||    17
  Use: Potion            |       |       |     1 ||     1
 Stab: Sleeping          |       |     1 |       ||     1
  Eat: Chunk             |     3 |     3 |       ||     6
Armor: Scale mail        |    37 |    36 |       ||    73
       Troll leather arm |       |     7 |     3 ||    10
Dodge: Dodged            |    28 |    34 |     3 ||    65
Block: Shield            |    43 |    56 |     2 ||   101
       Rpst.: Long sword |     9 |    12 |       ||    21
